 Dungeon Crawl Stone Soup version 0.19-a0-1686-g35356ef (webtiles) character file.

149 MistressOfTheDunes the Insei (level 5, -2/41 HPs)
             Began as a Mummy Monk on Sept 25, 2016.
             Slain by p0werm0de's ghost (9 damage)
             ... on level 3 of the Dungeon.
             The game lasted 00:04:29 (4383 turns).

MistressOfTheDunes the Insei (Mummy Monk)           Turns: 4383, Time: 00:04:29

Health: -2/41      AC:  2    Str: 20    XL:     5   Next: 9%
Magic:  5/5        EV: 13    Int:  9    God:
Gold:   171        SH:  0    Dex: 15    Spells: 0 memorised, 4 levels left

rFire  x . .     SeeInvis .       - Unarmed
rCold  + . .     Gourm    .     (no armour)
rNeg   + + +     Faith    .     (no shield)
rPois  ∞         Spirit   .     (no helmet)
rElec  .         Dismiss  .     e - +0 cloak
rCorr  .         Reflect  .     (no gloves)
MR     .....     Harm     .     (no boots)
Stlth  ++........               (no amulet)
                                d - +2 ring of strength
                                h - +3 ring of strength

@: no status effects
A: no food or potions, fire vulnerability, cold resistance 1, negative energy
resistance 3, torment resistance, unbreathing
a: no special abilities


You were on level 3 of the Dungeon.
You were not hungry.

You visited 1 branch of the dungeon, and saw 3 of its levels.

You collected 171 gold pieces.


Innate Abilities, Weirdness & Mutations

You do not eat or drink.
Your flesh is vulnerable to fire.
You are immune to poison.
Your flesh is cold resistant. (rC+)
You are immune to negative energy. (rN+++)
You are immune to unholy pain and torment.
You can survive without breathing.


   Skills:
 - Level 3.0 Fighting
 - Level 2.4 Dodging
 - Level 1.5 Stealth
 + Level 4.8 Unarmed Combat


You had 4 spell levels left.
You didn't know any spells.

Inventory:

Armour
 e - a +0 cloak (worn)
 f - a +0 shield
Jewellery
 d - a +2 ring of strength (right hand)
 h - a +3 ring of strength (left hand)
 j - a +3 amulet of reflection {unknown}
 l - an uncursed ring of protection from cold
Scrolls
 a - 3 scrolls of identify {unknown}
 b - a scroll of enchant weapon {unknown}
 c - 6 scrolls of remove curse
 g - 2 scrolls of teleportation {unknown}
 i - 2 scrolls of random uselessness {unknown}
 m - a scroll of fear {unknown}
 n - a scroll of amnesia {unknown}
Comestibles
 k - 4 fruits

Dungeon Overview and Level Annotations

Branches:
Dungeon (3/15)

Altars:
Ashenzari
Trog

Annotations:
D:3 p0werm0de's ghost, weakling OpWn

.▒.▒▒▒▒.▒▒.▒▒▒▒▒▒▒.▒▒...▒ ▒.▒ ▒
....[..............▒▒...▒ ▒.▒ ▒
.▒.▒▒▒▒▒.▒.▒▒▒▒▒▒▒▒▒▒...▒ ▒.▒▒▒▒
.▒.▒ ▒...▒▒▒▒▒▒▒▒▒▒...▒▒▒▒.....
.▒.▒ ▒▒...)....................
.▒.▒▒▒▒▒▒..▒▒▒▒▒▒▒▒▒▒............
.................▒ ▒..).........
...▒▒▒▒▒▒▒..▒▒▒▒.▒▒▒▒▒.▒▒........
...▒...........WM................
..........▒..▒▒▒.▒▒▒▒▒.▒▒........
.▒▒▒.▒▒▒....................▒▒▒▒▒
...▒.▒.▒..▒▒.▒▒▒..▒..▒.▒▒▒▒.▒ ▒
.▒▒▒.▒.▒..▒.......▒..▒.▒ ▒.▒
.......)..▒.▒.▒▒.▒▒..▒.▒ ▒.▒▒▒▒▒
..........▒.▒.▒▒.▒▒..▒.▒ ▒......
.▒▒▒.▒.▒..▒.▒..▒.▒▒..▒.▒ ▒▒▒▒▒▒▒
.▒...▒.▒.........▒▒..▒.▒


You could see p0werm0de's ghost.


Message History

You closely miss p0werm0de's ghost!
P0werm0de's ghost is almost destroyed!
P0werm0de's ghost barely misses you!
You barely miss p0werm0de's ghost!
P0werm0de's ghost is almost destroyed!
P0werm0de's ghost hits you! * * * don't die
* * * You barely miss p0werm0de's ghost!
P0werm0de's ghost is almost destroyed!
P0werm0de's ghost completely misses you!
You completely miss p0werm0de's ghost!
P0werm0de's ghost is almost destroyed!
P0werm0de's ghost hits you! * * * don't die
* * * You closely miss p0werm0de's ghost!
P0werm0de's ghost is almost destroyed!
P0werm0de's ghost hits you! * * * don't die
* * * You miss p0werm0de's ghost!
P0werm0de's ghost is almost destroyed!
P0werm0de's ghost hits you but does no damage!
You squash p0werm0de's ghost but do no damage!
You punch p0werm0de's ghost, but do no damage!
P0werm0de's ghost is almost destroyed!
P0werm0de's ghost hits you! * * * don't die
* * * You closely miss p0werm0de's ghost!
P0werm0de's ghost is almost destroyed!
P0werm0de's ghost hits you!!! rip

Action                   |  1- 3 |  4- 6 || total
-------------------------+-------+-------++-------
Melee: Unarmed           |   160 |   185 ||   345
       Punch             |     2 |     2 ||     4
  Use: Scroll            |       |     1 ||     1
 Stab: Sleeping          |     6 |     2 ||     8
Armor: Skin              |    17 |    21 ||    38
Dodge: Dodged            |    86 |   116 ||   202

Vault maps used:
D:1:      dpeg_arrival_leaves_temple_mockup, nicolae_ashenzari_panopticon
D:2:      trog_hazing_becter
D:3:      minmay_misc_feat_nine_boxes, st_stairs_5, serial_bayou_lake_a

Notes
Turn   | Place    | Note
-------+----------+-------------------------------------------
     0 | D:1      | MistressOfTheDunes the Mummy Monk began the quest for the Orb.
     0 | D:1      | Reached XP level 1. HP: 18/18 MP: 1/1
   310 | D:1      | Reached XP level 2. HP: 19/24 MP: 2/2
   325 | D:1      | Reached skill level 3 in Unarmed Combat
   753 | D:1      | Found a shattered altar of Ashenzari.
   850 | D:1      | Reached XP level 3. HP: 29/29 MP: 3/3
  1844 | D:2      | Reached skill level 4 in Unarmed Combat
  2011 | D:2      | Reached XP level 4. HP: 21/35 MP: 4/4
  2688 | D:2      | Found a bloodstained altar of Trog.
  3815 | D:3      | Reached XP level 5. HP: 41/41 MP: 5/5
  4045 | D:3      | Noticed p0werm0de's ghost (weakling OpWn)
  4383 | D:3      | Slain by p0werm0de's ghost

Vanquished Creatures
  3 gnolls
  2 adders (D:3)
  An ooze (D:1)
  4 worms
  3 dart slugs
  2 leopard geckos
  An orc (D:3)
  8 bats
  5 giant cockroaches
  8 goblins
  13 hobgoblins
  2 jackals (D:1)
  A quokka (D:3)
  A ball python (D:1)
  4 frilled lizards
  12 kobolds
  5 rats
75 creatures vanquished.
